 Dungeon Crawl Stone Soup version 0.19-a0-1870-gc32fe5a (webtiles) character file.

99 Bekkur the Caller (level 4, -3/36 HPs)
             Began as a Deep Elf Summoner on Oct 11, 2016.
             Slain by a river rat (8 damage)
             ... summoned by Eustachio
             ... on level 4 of the Dungeon on Oct 13, 2016.
             The game lasted 00:13:38 (2644 turns).

Bekkur the Caller (Deep Elf Summoner)               Turns: 2644, Time: 00:13:39

Health: -3/36      AC:  5    Str: 15    XL:     4   Next: 45%
Magic:  4/11       EV: 14    Int: 21    God:
Gold:   143        SH:  0    Dex: 15    Spells: 3 memorised, 4 levels left

rFire  . . .     SeeInvis .     v - +2 quarterstaff (chaos)
rCold  . . .     Gourm    .     a - +0 robe
rNeg   . . .     Faith    .     (shield currently unavailable)
rPois  .         Spirit   .     u - +2 hat
rElec  .         Dismiss  .     w - +0 cloak
rCorr  .         Reflect  .     (no gloves)
MR     .....     Harm     .     (no boots)
Stlth  ..........               (no amulet)
                                (no ring)
                                f - +5 ring of strength

@: berserking (expiring), lethally poisoned (-3 -> -11), flying, very quick
A: no striking features
a: no special abilities


You were on level 4 of the Dungeon.
You were not hungry.

You visited 1 branch of the dungeon, and saw 4 of its levels.

You collected 143 gold pieces.

Inventory:

Hand Weapons
 g - a +1 short sword of speed
 v - a +2 quarterstaff of chaos (weapon)
Armour
 a - a +0 robe (worn)
 k - a cursed +0 buckler
 u - a +2 hat (worn)
 w - a +0 cloak (worn)
Jewellery
 f - a +5 ring of strength (left hand)
Scrolls
 i - a scroll of teleportation {unknown}
 l - 2 scrolls of blinking {unknown}
 p - 3 scrolls of noise {unknown}
 r - a scroll of magic mapping {unknown}
Potions
 e - a potion of magic
 h - a potion of lignification
 n - 3 potions of brilliance
 q - a potion of cancellation
 x - a potion of might {unknown}
 z - a potion of cure mutation {unknown}
Books
 b - a book of Callings

   Spells                             Type                      Level
   a - Summon Small Mammal            Summoning                    1
   b - Call Imp                       Summoning                    2
   c - Call Canine Familiar           Summoning                    3
   d - Summon Guardian Golem          Hexes/Summoning              3
   e - Summon Lightning Spire         Summoning/Air                4
   f - Summon Ice Beast               Ice/Summoning                4
Comestibles
 c - 4 bread rations
 d - 2 meat rations
 o - 4 chunks of flesh
 t - a beef jerky


   Skills:
 * Level 3.4 Dodging
 - Level 2.4 Stealth
 + Level 3.8 Spellcasting
 - Level 5.7 Summonings


You had 4 spell levels left.
You knew the following spells:

 Your Spells              Type           Power        Failure   Level  Hunger
a - Summon Small Mammal   Summ           ####         1%          1    None
b - Call Imp              Summ           ####....     1%          2    #......
c - Call Canine Familiar  Summ           ####....     3%          3    ###....


Dungeon Overview and Level Annotations

Branches:
Dungeon (4/15)
 Temple: D:4-7

Altars:

Annotations:
D:4 Eustachio


Message History

You feel sick. The river rat barely misses your hound.
Some of the chunks of flesh in your inventory have rotted away.
It was a potion of berserk rage.
A red film seems to cover your vision as you go berserk!
You feel yourself moving faster!
You feel mighty!
* * * LOW HITPOINT WARNING * * *
You feel sick.
Your hound closely misses Eustachio.
Eustachio misses your hound.
Your hound completely misses the river rat.
The river rat bites your hound!
You are too berserk!
You swap places.
You feel a strong urge to attack something.
Your hound barely misses the river rat.
Eustachio hits your hound with a rapier of venom.
Your hound dies!
Your hound's corpse disappears in a puff of smoke!
* * * LOW HITPOINT WARNING * * *
You feel sick. The river rat bites you!
You die...

..## ### #
# ######
....... #
###.###
#.####### #
..##
#.#..@r#..
.......
#.####@#.#
.#... #.#
#.#.# #...#
#.# #5..#
.## # #.#
##..# ###
#.# #..#
..#
#.#####..#
#.#
##........#
#.#
#.........#
#.#
#.#########


You could see Eustachio, a river rat and a friendly shadow imp.

Vanquished Creatures
  A dart slug (D:1)
  A leopard gecko (D:1)
  3 orcs (D:3)
  3 bats (D:1)
  4 giant cockroaches
  3 hobgoblins
  A kobold (D:2)
  4 rats
20 creatures vanquished.

Vanquished Creatures (collateral kills)
  Crazy Yiuf (D:3)
  Robin (D:3)
  An adder (D:3)
  2 worms
  3 dart slugs
  3 leopard geckos
  4 orcs (D:3)
  A ball python (D:1)
  3 bats
  8 giant cockroaches (D:3)
  13 goblins
  5 hobgoblins
  2 jackals (D:1)
  A quokka (D:2)
  2 frilled lizards (D:1)
  5 kobolds
  5 rats
60 creatures vanquished.

Grand Total: 80 creatures vanquished

Notes
Turn   | Place    | Note
-------+----------+-------------------------------------------
     0 | D:1      | Bekkur the Deep Elf Summoner began the quest for the Orb.
     0 | D:1      | Reached XP level 1. HP: 10/10 MP: 6/6
   271 | D:1      | Reached XP level 2. HP: 15/15 MP: 4/8
   310 | D:1      | Learned a level 2 spell: Call Imp
   594 | D:1      | Reached skill level 5 in Summonings
  1169 | D:2      | Reached XP level 3. HP: 19/19 MP: 1/9
  1311 | D:2      | Upgraded the game from 0.19-a0-1852-gc11d922 to 0.19-a0-1861-g35def1e
  1856 | D:3      | Upgraded the game from 0.19-a0-1861-g35def1e to 0.19-a0-1870-gc32fe5a
  2076 | D:3      | Learned a level 3 spell: Call Canine Familiar
  2325 | D:3      | Reached XP level 4. HP: 24/24 MP: 11/11
  2357 | D:3      | Found a runed door.
  2361 | D:3      | Noticed Crazy Yiuf
  2361 | D:3      | Noticed Robin
  2383 | D:3      | Killed Robin
  2406 | D:3      | Killed Crazy Yiuf
  2630 | D:4      | Noticed Eustachio
  2644 | D:4      | Slain by a river rat

Vault maps used:
D:1:      lemuel_arrival_rhombus, minmay_misc_feat_tiny, minivault_26
D:3:      minmay_roachtagon, uniq_crazy_yiuf_cottage, uniq_robin
D:4:      first_bread, trog_book, uniq_eustachio

Skill      XL: |  1  2  3 |
---------------+----------+-----
Summonings     | 5 |  5.7
Dodging        | 3 |  3.4
Stealth        | |  2.4
Spellcasting   | |  3.8

Action                   |  1- 3 |  4- 6 || total
-------------------------+-------+-------++-------
Melee: Short sword       |    71 |       ||    71
       Quarterstaff      |       |     7 ||     7
 Cast: Summon Small Mamm |    24 |       ||    24
       Call Imp          |    40 |     5 ||    45
       Call Canine Famil |     1 |     4 ||     5
  Use: Scroll            |     3 |     1 ||     4
       Potion            |       |     2 ||     2
 Stab: Sleeping          |     1 |     1 ||     2
  Eat: Chunk             |     6 |     1 ||     7
Armor: Robe              |    20 |     3 ||    23
Dodge: Dodged            |    61 |     6 ||    67
